 Dungeon Crawl Stone Soup version 0.29-a0-477-g62b78b4225 (webtiles) character file.

Game seed: 14381939113831939571

32 Hubjo the Firebug (level 3, 0/19 HPs)
             Began as a Deep Elf Fire Elementalist on May 18, 2022.
             Was a Follower of Kikubaaqudgha.
             Slain by a jackal (2 damage)
             ... on level 1 of the Dungeon on May 24, 2022.
             The game lasted 00:02:17 (1214 turns).

Hubjo the Firebug (Deep Elf Fire Elementalist)      Turns: 1214, Time: 00:02:18

Health: 0/19       AC:  2    Str:  5    XL:     3   Next: 10%
Magic:  9/9        EV: 13    Int: 21    God:    Kikubaaqudgha [*.....]
Gold:   91         SH:  0    Dex: 15    Spells: 7/8 levels left

rFire   . . .      SeeInvis .   (no weapon)
rCold   . . .      Faith    .   (no shield)
rNeg    . . .      Spirit   .   a - +0 robe
rPois   .          Reflect  .   (no helmet)
rElec   .          Harm     .   (no cloak)
rCorr   .          Rampage  .   (no gloves)
Will    .....                   (no boots)
Stlth   ++........              (no amulet)
HPRegen 0.06/turn               (no ring)
MPRegen 0.11/turn               (no ring)

@: no status effects
A: no striking features
a: Renounce Religion, Unearth Wretches


You were on level 1 of the Dungeon.
You worshipped Kikubaaqudgha.
Kikubaaqudgha was aware of your devotion.
You visited 1 branch of the dungeon, and saw 1 of its levels.

You collected 91 gold pieces.

Inventory:

Armour
 a - a +0 robe (worn)
Jewellery
 c - an amulet of reflection
Scrolls
 d - a scroll of identify {unknown}
 e - a scroll of fog {unknown}
 f - a scroll of poison {unknown}
 g - a scroll of torment {unknown}
 i - a scroll of teleportation {unknown}
Potions
 b - a potion of magic
 h - a potion of heal wounds {unknown}
 j - a potion of mutation {unknown}


   Skills:
 + Level 2.9 Dodging
 + Level 3.1 Stealth
 + Level 3.4 Spellcasting
 + Level 1.7 Conjurations
 + Level 3.6 Fire Magic


You had 7 spell levels left.
You knew the following spells:

 Your Spells              Type           Power      Damage    Failure   Level
a - Foxfire               Conj/Fire      56%        2x1d6     4%          1

Your spell library contained the following spells:

 Spells                   Type           Power      Damage    Failure   Level
 Scorch                   Fire           36%        2d7       4%          2
 Necrotize                Necr           12%        1d4       13%         1
 Conjure Flame            Conj/Fire      14%        6-21      13%         3
 Sublimation of Blood     Necr           3%         N/A       19%         2
 Inner Flame              Hex/Fire       11%        N/A       19%         3
 Gell's Gravitas          Tloc           3%         N/A       36%         3
 Lesser Beckoning         Tloc           3%         N/A       36%         3
 Teleport Other           Tloc           3%         N/A       36%         3
 Vampiric Draining        Necr           3%         2d6       36%         3
 Flame Wave               Conj/Fire      14%        2d6       38%         4
 Anguish                  Hex/Necr       1%         N/A       77%         4
 Petrify                  Tmut/Erth      3%         N/A       77%         4
 Metabolic Englaciation   Hex/Ice        1%         N/A       98%         5
 Statue Form              Tmut/Erth      2%         N/A       100%        6


Dungeon Overview and Level Annotations

Branches:
Dungeon (1/15)

Altars:
Kikubaaqudgha


Message History

You add the spells Necrotize, Sublimation of Blood, Vampiric Draining and Anguish to your library.
There is an open door here.
You see here a +0 dagger.
j - a metallic orange potion
Found 24 stones.
You see here 12 stones. 2 jackals come into view.
There are monsters nearby!
There are monsters nearby!
There are monsters nearby!
There are monsters nearby!
A jackal comes into view.
The jackal barks! x2
The jackal barely misses you. The jackal misses you. The jackal misses you. x2
The jackal barely misses you. The jackal bites you. The jackal misses you. x2
The jackal barely misses you.
The jackal bites you. x2; The jackal barely misses you.
The jackal bites you but does no damage.
The jackal barely misses you. The jackal misses you.
The jackal barely misses you. x3
The jackal bites you but does no damage.
The jackal bites you. x2
The jackal bites you but does no damage.
The jackal bites you. x2
The jackal closely misses you.
The jackal bites you but does no damage.
The jackal bites you.
* * * LOW HITPOINT WARNING * * *
The jackal bites you.
* * * LOW HITPOINT WARNING * * *
The jackal bites you but does no damage.
The jackal barely misses you.
Unknown command.
Unknown command.
The jackal barely misses you.
The jackal bites you but does no damage.
The jackal bites you.
You die...
Kikubaaqudgha rasps: "You have failed me!
Welcome... death!"

#..# #.###### ####.####
######### #......# #.......#
#.......# #......# #.##.##.#
#.......# #......# #.##.##.#
#.......# ##.....## #.##..#.#
#.......# #.......# #.###.#.#
#.......# #.##.##.# #.###.#.#
#.hhh...# #.##.##.# #.......#
#..@....####.#..##.#
#####.###
###.......##.#.###.# #.#
#..##..##.##.#.###.# ## #.#
#.#.#### #.####.## .# #.#
#.##...### ###...## .#####
#.#####.####.(.###...###
.#...###..........##.......##
...#)..)...###.#†..###.<.###
.#...#####.# #....##.......##


You could see 3 jackals.

Vanquished Creatures
  A gnoll (D:1)
  3 dart slugs (D:1)
  An endoplasm (D:1)
  A giant cockroach (D:1)
  2 goblins (D:1)
  2 jackals (D:1)
  2 bats (D:1)
  A frilled lizard (D:1)
  3 kobolds (D:1)
  2 rats (D:1)
18 creatures vanquished.

Vanquished Creatures (others)
  86 foxfires (D:1)
86 creatures vanquished.

Grand Total: 104 creatures vanquished

Notes
Turn   | Place    | Note
-------+----------+-------------------------------------------
     0 | D:1      | Hubjo the Deep Elf Fire Elementalist began the quest for
                  | the Orb.
     0 | D:1      | Reached XP level 1. HP: 10/10 MP: 6/6
   223 | D:1      | Upgraded the game from 0.29-a0-422-gafbd6decc1 to
                  | 0.29-a0-477-g62b78b4225
   268 | D:1      | Reached XP level 2. HP: 10/15 MP: 0/8
   886 | D:1      | Reached XP level 3. HP: 17/19 MP: 4/9
  1073 | D:1      | Found a faded altar of an unknown god.
  1131 | D:1      | Prayed at the altar of an unknown god.
  1131 | D:1      | Became a worshipper of Kikubaaqudgha
  1131 | D:1      | Reached * piety under Kikubaaqudgha
  1131 | D:1      | Received a gift from Kikubaaqudgha
  1214 | D:1      | Slain by a jackal

Illustrated notes

Levels and vault maps discovered:
D:1:      dpeg_arrival_simpleton_a, layout_loops_cross,
          nicolae_ecumenical_lake_church, hangedman_decor_opposing

Skill      XL: |  1  2 |
---------------+-------+-----
Stealth        | 3 |  3.1
Dodging        | |  2.9
Spellcasting   | |  3.4
Conjurations   | |  1.7
Fire Magic     | |  3.6

Action                   || total
-------------------------++-------
Melee: Unarmed           ||     4
 Cast: Foxfire           ||    58
Armor: Robe              ||    22
Dodge: Dodged            ||    60

Table legend: (Time is in decaauts)
 A = Elapsed time spent in this place.
 B = Non-inter-level travel time spent in this place.
 C = Inter-level travel time spent in this place.
 D = Time resting spent in this place.
 E = Time spent auto-exploring this place.
 F = Levels seen in this place.
 G = Mean time per level.
                   A        B        C        D        E       F      G
               +--------+--------+--------+--------+--------+-----+--------+
         Total |   1214 |   1190 |     24 |      0 |   1006 |   1 | 1214.0 |
       Dungeon |   1214 |   1190 |     24 |      0 |   1006 |   1 | 1214.0 |
               +--------+--------+--------+--------+--------+-----+--------+

Top non-repeatable levels by time:
     D:1: 1214 daAuts
